General information
- name: BNet
- type: Ladder team game (AT/RT)
- host: Battle.net
- saver: TheGrave
map: Battleground
- players: 8
- length: 37:01
- speed: Fast
- version: 1.26 W3XP
- replay type: Public
» download(212 KB)
Players
team 1 (winner)
beaverchips1541 (
blue | 38 APM | 723 actions | 19:05)
6 Demon Hunter
3 Mana Burn
1 Immolation
2 Evasion
» actions
| Basic commands | 2 | |
| Build / train | 49 | |
| Enter build submenu | 18 | |
| Enter hero's abilities submenu | 6 | |
| Remove unit from queue | 2 | |
| Right click | 410 | |
| Select / deselect | 193 | |
| Use ability | 43 | |
723 total
» units
| Wisp | 16 | |
| Archer | 9 | |
| Huntress | 1 | |
| Hippogryph | 4 | |
| Chimaera | 4 | |
34 total
» upgrades
| Strength of the Wild | 2 | |
| Reinforced Hides | 1 | |
| Corrosive Breath | 1 | |
4 total
» buildings
| Altar of Elders | 1 | |
| Moon Well | 8 | |
| Ancient of War | 1 | |
| Hunter's Hall | 1 | |
| Ancient of Wonders | 1 | |
| Tree of Ages | 1 | |
| Ancient Protector | 2 | |
| Tree of Eternity | 1 | |
| Ancient of Wind | 1 | |
| Chimaera Roost | 3 | |
20 total
» build order
00:30 Altar of Elders
00:35 Moon Well
00:56 Ancient of War
02:03 Moon Well
02:40 Moon Well
03:08 Moon Well
04:08 Hunter's Hall
04:17 Ancient of Wonders
04:45 Tree of Ages
05:18 Ancient Protector
06:47 Ancient Protector
07:21 Tree of Eternity
07:47 Ancient of Wind
09:47 Chimaera Roost
09:52 Chimaera Roost
09:55 Chimaera Roost
10:20 Moon Well
11:15 Moon Well
13:30 Moon Well
15:24 Moon Well
SANTA_REAPER (
green | 50 APM | 1834 actions | 37:01)
7 Blademaster
3 Wind Walk
3 Critical Strike
1 Bladestorm
2 Pandaren Brewmaster
1 Breath of Fire
1 Drunken Brawler
» actions
| Assign group hotkey | 75 | |
| Basic commands | 39 | |
| Build / train | 64 | |
| Enter build submenu | 23 | |
| Enter hero's abilities submenu | 9 | |
| Give item / drop item | 12 | |
| Remove unit from queue | 2 | |
| Right click | 609 | |
| Select / deselect | 197 | |
| Select group hotkey | 616 | |
| Use ability | 188 | |
1834 total
» units
| Peon | 18 | |
| Wind Rider | 7 | |
| Troll Batrider | 2 | |
27 total
» upgrades
| Ranged Weapons | 3 | |
| Armor | 3 | |
| Reinforced Defenses | 1 | |
| Envenomed Spears | 1 | |
8 total
» buildings
| Altar of Storms | 1 | |
| Orc Burrow | 7 | |
| War Mill | 2 | |
| Voodoo Lounge | 1 | |
| Watch Tower | 23 | |
| Stronghold | 1 | |
| Beastiary | 3 | |
| Fortress | 1 | |
| Great Hall | 1 | |
40 total
» build order
00:07 Altar of Storms
00:18 Orc Burrow
00:40 War Mill
01:13 Voodoo Lounge
01:54 Watch Tower
02:14 Watch Tower
03:02 Stronghold
03:09 Orc Burrow
03:11 Orc Burrow
03:12 Orc Burrow
04:19 Watch Tower
04:20 Watch Tower
04:21 Watch Tower
04:22 Watch Tower
05:25 Beastiary
05:35 Beastiary
06:38 Fortress
08:01 Beastiary
10:10 Orc Burrow
10:10 Orc Burrow
12:51 War Mill
12:58 Great Hall
13:00 Watch Tower
13:31 Watch Tower
13:31 Watch Tower
14:07 Watch Tower
14:38 Watch Tower
14:38 Watch Tower
15:15 Watch Tower
15:52 Watch Tower
15:52 Watch Tower
16:00 Watch Tower
17:12 Watch Tower
17:12 Watch Tower
18:00 Watch Tower
18:00 Watch Tower
18:01 Watch Tower
18:01 Watch Tower
18:01 Watch Tower
» items
| Healing Salve | 2 | |
| Lesser Clarity Potion | 1 | |
| Staff of Teleportation | 2 | |
| Orb of Lightning | 1 | |
| Tiny Great Hall | 1 | |
| Potion of Healing | 1 | |
| Potion of Mana | 1 | |
| Scroll of Healing | 2 | |
| Scroll of Protection | 1 | |
| Boots of Speed | 1 | |
| Potion of Lesser Invulnerability | 1 | |
14 total

»
DOLLADOLLABILL (
yellow | 72 APM | 1405 actions | 19:37)
5 Blademaster
3 Wind Walk
2 Critical Strike
» actions
| Assign group hotkey | 16 | |
| Basic commands | 1 | |
| Build / train | 55 | |
| Enter build submenu | 16 | |
| Enter hero's abilities submenu | 5 | |
| Remove unit from queue | 3 | |
| Right click | 815 | |
| Select / deselect | 176 | |
| Select group hotkey | 185 | |
| Use ability | 133 | |
1405 total
» units
» upgrades
| Ranged Weapons | 2 | |
| Armor | 2 | |
| Envenomed Spears | 1 | |
| Reinforced Defenses | 1 | |
6 total
» buildings
| Altar of Storms | 1 | |
| Orc Burrow | 5 | |
| Voodoo Lounge | 1 | |
| War Mill | 1 | |
| Stronghold | 1 | |
| Watch Tower | 3 | |
| Beastiary | 3 | |
| Fortress | 1 | |
16 total
» build order
00:06 Altar of Storms
00:13 Orc Burrow
01:04 Voodoo Lounge
01:47 War Mill
03:02 Stronghold
03:05 Watch Tower
03:08 Orc Burrow
04:12 Orc Burrow
05:15 Orc Burrow
05:31 Beastiary
05:34 Beastiary
05:37 Beastiary
06:52 Fortress
10:10 Orc Burrow
12:14 Watch Tower
12:17 Watch Tower
» items
| Lesser Clarity Potion | 8 | |
| Healing Salve | 2 | |
| Scroll of Speed | 1 | |
| Boots of Speed | 1 | |
| Staff of Teleportation | 1 | |
| Orb of Lightning | 1 | |
| Scroll of Town Portal | 1 | |
15 total
Dream-Of-War (
red | 16 APM | 591 actions | 36:19)
3 Shadow Hunter
1 Hex
1 Healing Wave
1 Serpent Ward
» actions
| Assign group hotkey | 13 | |
| Basic commands | 5 | |
| Build / train | 44 | |
| Enter build submenu | 14 | |
| Enter hero's abilities submenu | 3 | |
| Remove unit from queue | 1 | |
| Right click | 214 | |
| Select / deselect | 171 | |
| Select group hotkey | 75 | |
| Use ability | 51 | |
591 total
» units
» upgrades
| Berserker Strength | 1 | |
| Shaman Training | 2 | |
| Melee Weapons | 1 | |
| Armor | 1 | |
5 total
» buildings
| Altar of Storms | 1 | |
| Orc Burrow | 5 | |
| Barracks | 1 | |
| Voodoo Lounge | 1 | |
| Stronghold | 1 | |
| War Mill | 1 | |
| Fortress | 1 | |
| Spirit Lodge | 2 | |
| Tauren Totem | 2 | |
15 total
» build order
00:23 Altar of Storms
00:37 Orc Burrow
00:52 Barracks
02:00 Orc Burrow
03:06 Voodoo Lounge
03:20 Orc Burrow
04:23 Stronghold
05:51 Orc Burrow
05:57 War Mill
06:49 Fortress
06:52 Spirit Lodge
06:54 Spirit Lodge
08:26 Orc Burrow
10:05 Tauren Totem
11:04 Tauren Totem
» items
| Healing Salve | 1 | |
| Lesser Clarity Potion | 1 | |
| Potion of Mana | 2 | |
| Orb of Lightning | 1 | |
5 total
team 2 (loser)

»
smokenNtoken (
pink | 38 APM | 952 actions | 24:51)
5 Mountain King
3 Storm Bolt
2 Thunder Clap
» actions
| Basic commands | 13 | |
| Build / train | 60 | |
| Enter build submenu | 16 | |
| Enter hero's abilities submenu | 5 | |
| Give item / drop item | 5 | |
| Right click | 440 | |
| Select / deselect | 362 | |
| Use ability | 51 | |
952 total
» units
| Peasant | 10 | |
| Footman | 7 | |
| Spell Breaker | 6 | |
| Knight | 7 | |
| Priest | 4 | |
34 total
» upgrades
» buildings
| Altar of Kings | 1 | |
| Farm | 9 | |
| Blacksmith | 1 | |
| Barracks | 1 | |
| Arcane Vault | 1 | |
| Keep | 2 | |
| Lumber Mill | 1 | |
| Scout Tower | 1 | |
| Arcane Tower | 1 | |
| Arcane Sanctum | 1 | |
| Castle | 1 | |
20 total
» build order
00:06 Altar of Kings
00:10 Farm
00:48 Blacksmith
01:35 Barracks
01:39 Farm
02:10 Arcane Vault
02:18 Farm
02:54 Farm
03:13 Keep
03:13 Keep
03:36 Farm
03:59 Lumber Mill
04:22 Scout Tower
04:42 Arcane Tower
05:50 Arcane Sanctum
07:07 Farm
07:38 Castle
09:50 Farm
12:08 Farm
13:51 Farm
» items
| Scroll of Regeneration | 3 | |
| Boots of Speed | 2 | |
| Dust of Appearance | 1 | |
| Scroll of Town Portal | 3 | |
| Potion of Healing | 3 | |
12 total
TheGrave (
orange | 111 APM | 4099 actions | 37:01)
9 Mountain King
3 Storm Bolt
3 Thunder Clap
1 Avatar
2 Bash
» actions
| Assign group hotkey | 77 | |
| Basic commands | 248 | |
| Build / train | 195 | |
| ESC pressed | 27 | |
| Enter build submenu | 67 | |
| Enter hero's abilities submenu | 9 | |
| Give item / drop item | 5 | |
| Remove unit from queue | 1 | |
| Right click | 1560 | |
| Select / deselect | 679 | |
| Select group hotkey | 1011 | |
| Use ability | 220 | |
4099 total
» units
| Peasant | 18 | |
| Footman | 7 | |
| Rifleman | 19 | |
| Flying Machine | 10 | |
| Mortar Team | 5 | |
| Ogre Mauler | 1 | |
| Mud Golem | 1 | |
| Forest Troll Berserker | 1 | |
| Forest Troll Shadow Priest | 3 | |
65 total
» upgrades
| Swords | 1 | |
| Long Rifles | 1 | |
| Lumber Harvesting | 2 | |
| Masonry | 3 | |
| Gunpowder | 3 | |
| Armor | 3 | |
| Flak Cannons | 1 | |
| Flying Machine Bombs | 1 | |
| Plating | 3 | |
| Fragmentation Shards | 1 | |
| Flare | 1 | |
| Barrage | 1 | |
21 total
» buildings
| Altar of Kings | 1 | |
| Barracks | 6 | |
| Farm | 19 | |
| Arcane Vault | 1 | |
| Lumber Mill | 2 | |
| Blacksmith | 1 | |
| Keep | 4 | |
| Town Hall | 3 | |
| Scout Tower | 29 | |
| Guard Tower | 50 | |
| Castle | 2 | |
| Workshop | 2 | |
120 total
» build order
00:57 Altar of Kings
00:59 Barracks
01:00 Farm
01:05 Farm
01:39 Arcane Vault
01:54 Farm
02:14 Lumber Mill
02:35 Blacksmith
03:57 Farm
04:31 Keep
04:32 Keep
05:30 Farm
07:50 Town Hall
07:51 Scout Tower
07:52 Scout Tower
07:53 Scout Tower
07:54 Scout Tower
07:57 Scout Tower
07:58 Scout Tower
07:59 Scout Tower
09:58 Guard Tower
09:58 Guard Tower
09:58 Guard Tower
10:04 Scout Tower
10:05 Scout Tower
10:06 Scout Tower
10:36 Guard Tower
10:36 Guard Tower
10:36 Guard Tower
10:37 Guard Tower
10:51 Guard Tower
12:50 Castle
13:49 Barracks
14:47 Workshop
14:48 Workshop
17:36 Scout Tower
17:37 Scout Tower
17:37 Scout Tower
17:41 Scout Tower
17:42 Scout Tower
17:42 Scout Tower
17:46 Scout Tower
18:04 Guard Tower
18:04 Guard Tower
18:05 Guard Tower
18:09 Guard Tower
18:09 Guard Tower
18:09 Guard Tower
18:24 Guard Tower
18:24 Guard Tower
18:24 Guard Tower
18:33 Guard Tower
18:33 Guard Tower
19:31 Scout Tower
19:32 Scout Tower
19:33 Scout Tower
19:34 Scout Tower
19:35 Scout Tower
19:39 Scout Tower
20:28 Guard Tower
20:28 Guard Tower
20:28 Guard Tower
21:25 Scout Tower
21:26 Scout Tower
21:28 Scout Tower
21:31 Scout Tower
21:36 Scout Tower
21:42 Scout Tower
21:57 Guard Tower
21:57 Guard Tower
22:00 Guard Tower
22:00 Guard Tower
22:04 Guard Tower
22:04 Guard Tower
22:04 Guard Tower
22:14 Guard Tower
22:14 Guard Tower
22:18 Guard Tower
22:18 Guard Tower
22:18 Guard Tower
25:06 Farm
25:07 Farm
25:07 Farm
25:08 Farm
25:13 Farm
32:15 Farm
32:16 Farm
32:17 Farm
32:19 Farm
33:02 Barracks
33:04 Barracks
33:08 Lumber Mill
33:25 Farm
33:27 Farm
33:59 Town Hall
35:15 Barracks
35:16 Barracks
35:23 Farm
35:24 Farm
35:26 Farm
36:56 Town Hall
» items
| Scroll of Regeneration | 6 | |
| Boots of Speed | 1 | |
| Staff of Teleportation | 1 | |
| Lesser Clarity Potion | 4 | |
| Scroll of Town Portal | 3 | |
15 total
red-likes-men (
purple | 33 APM | 1233 actions | 36:59)
6 Mountain King
2 Storm Bolt
3 Bash
1 Avatar
» actions
| Basic commands | 60 | |
| Build / train | 62 | |
| Enter build submenu | 36 | |
| Enter hero's abilities submenu | 6 | |
| Give item / drop item | 2 | |
| Remove unit from queue | 5 | |
| Right click | 639 | |
| Select / deselect | 373 | |
| Use ability | 50 | |
1233 total
» units
| Peasant | 12 | |
| Footman | -1 | |
| Rifleman | 4 | |
| Gryphon Rider | 13 | |
| Dragonhawk Rider | 1 | |
29 total
» upgrades
| Swords | 2 | |
| Armor | 1 | |
| Storm Hammers | 1 | |
| Cloud | 1 | |
| Gunpowder | 1 | |
| Plating | 1 | |
7 total
» buildings
| Farm | 15 | |
| Lumber Mill | 2 | |
| Altar of Kings | 2 | |
| Blacksmith | 1 | |
| Keep | 3 | |
| Barracks | 1 | |
| Castle | 1 | |
| Gryphon Aviary | 3 | |
| Scout Tower | 5 | |
| Guard Tower | 5 | |
| Arcane Vault | 1 | |
39 total
» build order
00:33 Farm
01:10 Farm
01:23 Lumber Mill
01:30 Lumber Mill
02:02 Altar of Kings
02:06 Altar of Kings
02:29 Farm
02:44 Blacksmith
03:06 Farm
03:11 Keep
03:11 Keep
03:12 Keep
03:14 Barracks
03:42 Farm
04:44 Farm
05:40 Castle
05:46 Gryphon Aviary
05:49 Gryphon Aviary
05:54 Gryphon Aviary
06:10 Scout Tower
06:38 Scout Tower
06:39 Guard Tower
07:06 Scout Tower
07:08 Guard Tower
07:11 Farm
07:17 Arcane Vault
07:50 Scout Tower
07:51 Guard Tower
08:17 Farm
08:52 Scout Tower
09:00 Farm
09:03 Guard Tower
09:44 Farm
10:53 Guard Tower
13:59 Farm
21:53 Farm
21:54 Farm
21:58 Farm
22:00 Farm
» items
| Scroll of Town Portal | 2 | |
| Scroll of Regeneration | 2 | |
4 total

»
dkffprtmrkWkd (
teal | 53 APM | 1651 actions | 31:22)
7 Demon Hunter
1 Immolation
2 Mana Burn
3 Evasion
1 Metamorphosis
» actions
| Assign group hotkey | 35 | |
| Basic commands | 198 | |
| Build / train | 82 | |
| ESC pressed | 5 | |
| Enter build submenu | 24 | |
| Enter hero's abilities submenu | 7 | |
| Give item / drop item | 1 | |
| Remove unit from queue | 4 | |
| Right click | 287 | |
| Select / deselect | 374 | |
| Select group hotkey | 567 | |
| Use ability | 67 | |
1651 total
» units
| Wisp | 27 | |
| Huntress | 10 | |
| Hippogryph | 24 | |
| Chimaera | 2 | |
63 total
» upgrades
| Strength of the Moon | 1 | |
| Moon Armor | 1 | |
| Sentinel | 1 | |
3 total
» buildings
| Ancient of War | 1 | |
| Moon Well | 6 | |
| Altar of Elders | 1 | |
| Hunter's Hall | 1 | |
| Ancient Protector | 6 | |
| Tree of Ages | 1 | |
| Ancient of Wonders | 1 | |
| Ancient of Wind | 2 | |
| Tree of Eternity | 1 | |
| Chimaera Roost | 1 | |
| Tree of Life | 1 | |
22 total
» build order
00:15 Ancient of War
00:18 Moon Well
00:40 Altar of Elders
01:56 Hunter's Hall
02:09 Moon Well
03:17 Ancient Protector
03:23 Ancient Protector
04:44 Ancient Protector
06:44 Tree of Ages
07:05 Moon Well
07:26 Ancient of Wonders
09:49 Ancient of Wind
10:04 Moon Well
11:53 Tree of Eternity
13:25 Moon Well
14:29 Chimaera Roost
15:41 Moon Well
20:26 Tree of Life
21:24 Ancient Protector
21:33 Ancient Protector
21:39 Ancient Protector
23:24 Ancient of Wind
» items
| Boots of Speed | 1 | |
| Orb of Venom | 1 | |
| Scroll of Town Portal | 2 | |
4 total
Chat log
(00:17 / Allies) smokenNtoken: plan units?
(00:20 / Allies) red-likes-men: yes
(00:35 / All) red-likes-men: ha red
(01:15 / Allies) red-likes-men: can you handle melle someone
(01:20 / Allies) smokenNtoken: ill go rifle
(01:22 / Allies) smokenNtoken: oraneg?
(01:24 / Allies) smokenNtoken: u want it or me?
(01:30 / Allies) smokenNtoken: idc i can go melee
(01:36 / Allies) red-likes-men: oj expo fast
(01:38 / Allies) red-likes-men: ill help you tower
(01:44 / Allies) smokenNtoken: orange what units?
(01:58 / Allies) TheGrave: Rifles
(02:01 / Allies) smokenNtoken: k
(02:04 / Allies) smokenNtoken: knights breakers
(02:14 / All) red-likes-men: guys pink smokes pots
(02:24 / All) smokenNtoken: no i dont..
(02:30 / All) TheGrave: Does he do that in the oven when making the ceramic?
(03:24 / All) red-likes-men: i hear red will giv eyou dome for 100 lumbe
(03:31 / All) DOLLADOLLABILL: RED LIKES MEN LOL
(03:36 / All) red-likes-men: I wish I could share
(03:51 / Allies) smokenNtoken: omw
(04:01 / Allies) red-likes-men: run wisps
(04:02 / Allies) red-likes-men: teal
(04:11 / Allies) red-likes-men: or just let him kill
(04:51 / All) red-likes-men: my 6 shooter just shot 7 shots
(05:05 / All) DOLLADOLLABILL: nobody cares gayboy
(05:15 / All) red-likes-men: yellow
(05:19 / All) red-likes-men: before the end of this game
(05:20 / All) DOLLADOLLABILL: talk to me ugly
(05:22 / All) red-likes-men: iI will kill you
(05:36 / All) red-likes-men: yes I jst went Mel Gibson Patriot on you
(05:39 / All) SANTA_REAPER: kodo #1
(05:43 / All) red-likes-men: ^
(07:47 / Allies) red-likes-men: come help plz
(08:00 / Allies) red-likes-men: first
(08:01 / Allies) red-likes-men: plz
(08:30 / Allies) TheGrave: You took my item
(08:31 / Allies) TheGrave: hand it over
(08:35 / Allies) smokenNtoken: ?
(08:38 / Allies) TheGrave: That was mine
(08:41 / Allies) TheGrave: I have rifles
(08:45 / Allies) TheGrave: Give me my item, I'll give you my tp staff
(08:46 / Allies) red-likes-men: hes lvl 4 oto soo
(08:59 / Allies) TheGrave: give it
(09:01 / Allies) smokenNtoken: here
(09:13 / Allies) TheGrave: give it
(09:26 / Allies) red-likes-men: jus give it dude. lol
(09:33 / Allies) smokenNtoken: i cant right now
(09:34 / Allies) smokenNtoken: fuck
(09:41 / Allies) TheGrave: give it
(09:43 / Allies) TheGrave: ty sir
(11:56 / All) red-likes-men: hey red
(11:58 / Allies) smokenNtoken: fucking hero targeting
(12:00 / All) red-likes-men: youre under attack
(12:12 / Allies) TheGrave: stay
(12:14 / Allies) TheGrave: we can fight them
(12:17 / All) TheGrave: LAWL
(12:18 / Allies) red-likes-men: fuck
(12:19 / All) TheGrave: HEAVY ORC GROUND
(12:20 / Allies) red-likes-men: my bad
(12:23 / Allies) red-likes-men: thought it was oj
(12:26 / Allies) red-likes-men: i mean
(12:28 / Allies) red-likes-men: yellow
(13:08 / All) TheGrave: Good work red
(13:18 / All) red-likes-men: red qq
(13:21 / All) TheGrave: How does it feel to only have dreams of war?
(13:24 / All) DOLLADOLLABILL: red likes men
(13:24 / All) TheGrave: We don't need to dream
(13:27 / All) TheGrave: We HAVE war
(13:29 / All) TheGrave: and we win
(13:31 / All) TheGrave: unlike YOU
(13:46 / All) Dream-Of-War: wowza
(13:56 / All) red-likes-men: pink smokes weed fo breakfast
(14:12 / All) smokenNtoken: errday
(14:28 / Allies) red-likes-men: omw
(14:30 / All) smokenNtoken: i smoke like you breath oxygen
(14:34 / All) TheGrave: Gay I wanted to hero focus
(14:40 / All) TheGrave: and faggot just stays hidden since no lab on this map
(15:11 / All) TheGrave: You're gonna eat my shit yellow
(15:14 / All) DOLLADOLLABILL: red likes men
(15:29 / All) red-likes-men: tell me something i dont know
(16:05 / Allies) TheGrave: tp
(16:15 / Allies) TheGrave: tp
(16:16 / Allies) TheGrave: tp
(16:50 / All) TheGrave: eat shit
(16:55 / Allies) TheGrave: wood
(16:55 / All) DOLLADOLLABILL: nigga down
(16:56 / Allies) TheGrave: wood asap
(16:57 / All) SANTA_REAPER: pro repaire i have to admit
(16:59 / Allies) TheGrave: wood so I can repair
(17:08 / All) TheGrave: wyvern harass lmao
(17:10 / Allies) TheGrave: ty
(17:13 / All) DOLLADOLLABILL: u mad bra
(17:15 / All) red-likes-men: nob orc
(17:18 / All) red-likes-men: wyvs
(17:24 / All) TheGrave: considering I am dominating you
(17:26 / All) TheGrave: no not really
(17:37 / All) red-likes-men: cancel hero dude
(17:38 / All) red-likes-men: Fast
(17:43 / All) red-likes-men: to late
(17:50 / All) DOLLADOLLABILL: mo money mo problems
(17:59 / All) red-likes-men: ok wiz
(18:13 / All) red-likes-men: if having a bad bitch was a crime id be arrested
(18:20 / All) red-likes-men: 2 chainz!
(19:23 / All) DOLLADOLLABILL: pew pw
(19:25 / All) TheGrave: lol
(19:47 / All) red-likes-men: pink thinks hes getting a win
(20:08 / All) red-likes-men: his illegal drug use is preventing it tho
(20:32 / All) Dream-Of-War: haha saw that purp
(20:44 / All) red-likes-men: lol
(20:55 / All) red-likes-men: yo haven't seen anything yet
(22:15 / Allies) red-likes-men: noice
(22:33 / All) Dream-Of-War: nice
(22:44 / All) TheGrave: EXCESS BUILDING CLEANUP
(22:47 / All) TheGrave: NOTHING TO SEE HERE
(23:27 / All) Dream-Of-War: FINISH HIM
(23:36 / All) red-likes-men: dont consider this personal teal
(23:40 / All) red-likes-men: blame pink
(23:50 / Allies) dkffprtmrkWkd: whatever
(23:52 / All) Dream-Of-War: i think i know whats going on...
(23:59 / All) red-likes-men: do you
(24:15 / All) Dream-Of-War: confirmed. lol
(25:24 / All) Dream-Of-War: so whats going on right now purp?
(25:33 / All) red-likes-men: im gonna tk oj next
(25:37 / All) red-likes-men: and let green win
(25:40 / All) TheGrave: lol
(25:42 / All) TheGrave: Try it bitch
(25:44 / All) Dream-Of-War: hahahah
(25:47 / All) dkffprtmrkWkd: 2:2 good luck
(25:48 / All) red-likes-men: mwhahahhahaha
(25:58 / All) red-likes-men: 1:3
(26:00 / All) red-likes-men: 1:2
(26:10 / All) Dream-Of-War: you guys couldnt beat 2v1 tk?
(26:36 / All) red-likes-men: dont forget to bring a towel
(26:37 / All) dkffprtmrkWkd: purp vs oj
(26:46 / All) dkffprtmrkWkd: ready go!
(27:22 / All) Dream-Of-War: fug you dolphin and whale
(28:12 / All) SANTA_REAPER: good bye sinjo honeybrew
(28:17 / All) red-likes-men: red yo know whats happening?
(28:20 / All) red-likes-men: you vs teal
(28:39 / All) Dream-Of-War: this is one of the weirdest games iv been in
(28:45 / All) SANTA_REAPER: gonna be wierder red
(28:49 / All) TheGrave: MERRY CHRISTMAS MOTHERFUCKERS!
(28:59 / All) SANTA_REAPER: im so pissed off gamestop isnt carrying ps2 games anymore
(29:02 / All) red-likes-men: we are awarding you or teal
(29:07 / All) red-likes-men: by whoever hast he best internet
(30:21 / All) red-likes-men: awe
(30:54 / All) SANTA_REAPER: gl everyone
(31:08 / All) red-likes-men: ill be rooting for you red
(31:24 / All) Dream-Of-War: im gonna go watch some tv
(31:26 / All) TheGrave: GOD DAMN
(31:30 / All) red-likes-men: wow
(31:34 / All) TheGrave: Teal doesn't want to play
(31:35 / All) red-likes-men: well you have to lose now :/
(31:37 / All) SANTA_REAPER: just give red the win he doesnt care
(31:41 / All) Dream-Of-War: whack game
(31:43 / All) TheGrave: We can make red lose
(31:45 / All) TheGrave: Won't take long
(31:53 / All) SANTA_REAPER: i do not care
(31:55 / All) TheGrave: Just make towers kill themselves
(31:56 / All) red-likes-men: but its christmas
(32:10 / All) TheGrave: Yeah so he gets the honour of a loss from us
(32:15 / All) Dream-Of-War: tis the season
(32:55 / All) TheGrave: Make towers kill themselves
(33:08 / All) Dream-Of-War: i have a feeling im going to lose
(33:22 / All) red-likes-men: possibly
(33:38 / Allies) TheGrave: wood
(33:45 / All) Dream-Of-War: if i get this win im 50% with orc
(33:46 / Allies) TheGrave: ty
(33:53 / All) red-likes-men: ohhhhhhhh
(34:00 / All) TheGrave: what the fuck
(34:02 / All) red-likes-men: man
(34:04 / All) TheGrave: You need ah all for a blacksmith?
(34:05 / All) TheGrave: gay
(34:15 / All) Dream-Of-War: ha
(34:29 / All) Dream-Of-War: KILLL GREEEEN
(35:07 / All) Dream-Of-War: you guys give up yet?
(35:16 / All) TheGrave: oh lawl
(35:19 / All) TheGrave: I already have my bs
(35:37 / All) TheGrave: Ed why aren't your towers attacking themselves?
(35:49 / All) red-likes-men: im ed
(35:53 / All) TheGrave: oh
(35:56 / All) TheGrave: Dammit Jake then
(35:59 / All) TheGrave: I should have knowni t was him
(36:03 / All) red-likes-men: jake wants to victor red
(36:12 / All) red-likes-men: which I'm not opposed to, tis the season
(36:19 / All) Dream-Of-War: gg guys
(36:23 / All) red-likes-men: lol
(36:23 / All) TheGrave: Good work
(36:27 / All) red-likes-men: well our team lose?
(36:30 / All) TheGrave: Not sure
(36:34 / All) TheGrave: I don't want red to win on principle
(36:37 / All) TheGrave: since I was working so hard
(36:41 / All) TheGrave: I say our team loses
(36:45 / All) red-likes-men: well he gets tie
(36:50 / All) red-likes-men: ok
(36:51 / All) SANTA_REAPER: me leave?
(36:54 / All) TheGrave: We leave
(36:54 / All) red-likes-men: jake you there?
(36:55 / All) SANTA_REAPER: new accouts?
(36:56 / All) red-likes-men: we leave